cohdb
Replays
Latest Replays
All Replays
Popular Replays
Top Player Replays
Match Explorer
How It Works
Community
CoH3 Stats
Reddit
Sign in to upload your games and track your stats! →
Sign in with Steam
Match 29312740
Unlisted
Match 29312740
Overview
Messages
Build Orders
End
Construct Section Command Post
Dingo Light Scout Car
Selects Heavy Armor Battlegroup
Dingo Light Scout Car
Royal Engineer Section
Infantry Section
Infantry Section
Construct Field Infirmary
Construct Platoon Command Post
Selects Light Vehicle Withdraw and Refit
Selects Engineer Detachments
6-pounder Anti-tank Gun Team
Light Vehicle Withdraw and Refit
Vickers Machine Gun Team
6-pounder Anti-tank Gun Team
Humber Armored Car
Humber Armored Car
Humber Armored Car
Andrewfang
^3
0
0
Comments
sign in to comment!
No comments posted yet!